 Dungeon Crawl Stone Soup version 0.25.1-8-g42b30a86e7 (webtiles) character file.

Game seed: 618963923514217684

308 KamiKatze the Firebug (level 6, -3/32 HPs)
             Began as a Deep Elf Fire Elementalist on Dec 3, 2020.
             Slain by an orc warrior
             ... wielding a +0 halberd
              (13 damage)
             ... on level 3 of the Dungeon.
             The game lasted 00:14:55 (2864 turns).

KamiKatze the Firebug (Deep Elf Fire Elementalist)  Turns: 2864, Time: 00:14:55

Health: -3/32      AC:  2    Str:  5    XL:     6   Next: 16%
Magic:  4/14       EV: 13    Int: 22    God:
Gold:   150        SH:  0    Dex: 15    Spells: 6/14 levels left

rFire    . . .     SeeInvis .   l - +2 short sword (distort)
rCold    . . .     Gourm    .   (no shield)
rNeg     . . .     Faith    .   a - +0 robe
rPois    +         Spirit   .   (no helmet)
rElec    .         Reflect  .   (no cloak)
rCorr    .         Harm     .   (no gloves)
MR       .....                  (no boots)
Stlth    ++........             (no amulet)
HPRegen  0.10/turn              i - ring of poison resistance
MPRegen  0.14/turn              (no ring)

@: no status effects
A: no striking features
a: no special abilities


You were on level 3 of the Dungeon.
You were not hungry.

You visited 1 branch of the dungeon, and saw 3 of its levels.

You collected 150 gold pieces.

Inventory:

Hand Weapons
 d - a +0 dagger
 l - a +2 short sword of distortion (weapon)
Missiles
 h - 16 poisoned darts (quivered)
Armour
 a - a +0 robe (worn)
 j - a +0 kite shield
 o - a +0 leather armour
Jewellery
 i - a ring of poison resistance (left hand)
Scrolls
 b - a scroll of teleportation {unknown}
 e - 3 scrolls of remove curse
 k - 2 scrolls of amnesia {unknown}
 n - a scroll of blinking {unknown}
 p - 3 scrolls of identify {unknown}
 r - a scroll of enchant weapon {unknown}
 t - a scroll of random uselessness {unknown}
 u - a scroll of fog {unknown}
Potions
 g - 2 potions of heal wounds {unknown}
 m - 2 potions of lignification {unknown}
 q - 2 potions of haste {unknown}
 s - a potion of might
Comestibles
 c - 5 rations
 f - 2 chunks of flesh


   Skills:
 - Level 3.0 Dodging
 - Level 3.0 Stealth
 + Level 4.5 Spellcasting
 * Level 4.1 Conjurations
 * Level 5.3 Fire Magic


You had 6 spell levels left.
You knew the following spells:

 Your Spells              Type           Power        Failure   Level  Hunger
a - Foxfire               Conj/Fire      ####         1%          1    None
b - Conjure Flame         Conj/Fire      ####....     4%          3    ##.....
c - Sticky Flame          Conj/Fire      ####....     16%         4    ####...

Your spell library contained the following spells:

 Spells                   Type           Power        Failure   Level  Hunger
 Inner Flame              Hex/Fire       ###.....     11%         3    ##.....
 Fireball                 Conj/Fire      ####......   38%         5    ######.


Dungeon Overview and Level Annotations

Branches:
Dungeon (3/15)

Altars:
Elyvilon

Annotations:
D:3 1 runed translucent door, exclusion: kobold, Sigmund; kulik242's ghost, amateur HaSk


Message History

You conjure some foxfire!
The orc warrior hits you from afar with a +0 halberd!!
Ouch! That really hurt!
* * * LOW HITPOINT WARNING * * *
The foxfire hits the orc warrior.
The orc warrior is almost dead.
The foxfire hits the orc warrior but does no damage.
The orc warrior is almost dead.
Casting: Foxfire (safe; 1% risk of failure)
Confirm with . or Enter, or press ? or * to list all spells.
You conjure some foxfire!
The orc warrior barely misses you.
The foxfire hits the orc warrior but does no damage.
The orc warrior is almost dead.
The foxfire hits the orc warrior but does no damage.
The orc warrior is almost dead.
Casting: Foxfire (safe; 1% risk of failure)
Confirm with . or Enter, or press ? or * to list all spells.
You conjure some foxfire!
The orc warrior hits you from afar with a +0 halberd!
You die...

######...# #.####.....<..###
#......#.# ##..♣♣♣♣♣♣♣♣#....###
#......#.## #...♣P...P♣♣♣.##...#
#......#..####.#...PP..♣...###...
#......##.)##..##♣♣♣PP..♣♣####..#
#......###....## ♣♣♣♣♣♣ ##...#
#...(......♣.♣## #.# ##.####
#..[...##♣.....♣## #.# #..#...
#......##.....ov@###.######..+W≈≈
#......#♣.)....§♣v...........#...
#......##.....)...##.######.#####
########♣......÷♣###.# ###.#....
###.......# #.####........
#######..♣.....♣# #.)......#####
...........♣.♣..# ##........#
..>......#.....####.........#
.........##...####........[.#


You could see an orc warrior.

Vanquished Creatures
  Grinder (D:3)
  3 adders (D:3)
  2 worms
  2 dart slugs (D:1)
  6 leopard geckos
  2 orcs (D:3)
  A ball python (D:3)
  2 giant cockroaches
  8 goblins
  7 hobgoblins
  8 kobolds
  2 quokkas
  2 bats (D:2)
  5 frilled lizards
  A quokka zombie (D:3)
  12 rats
64 creatures vanquished.

Vanquished Creatures (others)
  183 foxfires
183 creatures vanquished.

Grand Total: 247 creatures vanquished

Notes
Turn   | Place    | Note
-------+----------+-------------------------------------------
     0 | D:1      | KamiKatze the Deep Elf Fire Elementalist began the quest
                  | for the Orb.
     0 | D:1      | Reached XP level 1. HP: 10/10 MP: 6/6
   348 | D:1      | Reached XP level 2. HP: 15/15 MP: 6/8
   941 | D:1      | Reached XP level 3. HP: 19/19 MP: 7/9
   953 | D:1      | Learned a level 3 spell: Conjure Flame
  2061 | D:3      | Reached skill level 4 in Fire Magic
  2061 | D:3      | Reached XP level 4. HP: 24/24 MP: 4/11
  2073 | D:3      | Learned a level 4 spell: Sticky Flame
  2110 | D:3      | Noticed Grinder
  2221 | D:3      | Killed Grinder
  2221 | D:3      | Reached skill level 5 in Fire Magic
  2221 | D:3      | Reached XP level 5. HP: 28/28 MP: 0/13
  2221 | D:3      | Reached XP level 6. HP: 32/32 MP: 0/14
  2387 | D:2      | Found a white marble altar of Elyvilon.
  2421 | D:3      | Found a runed translucent door.
  2421 | D:3      | Noticed kulik242's ghost (amateur HaSk)
  2617 | D:3      | Noticed an orc warrior
  2783 | D:3      | Noticed Sigmund
  2864 | D:3      | Slain by an orc warrior

Illustrated notes

Levels and vault maps discovered:
D:1:      dpeg_arrival_chambers_temple_mockup, layout_basic
D:2:      layout_basic, nicolae_overflow_hidden_temple
D:3:      layout_rooms, first_ration, ebering_ghost_reflecting_pool,
          serial_forest, infiniplex_forest_lined_ring,
          infiniplex_forest_straight_5, infiniplex_forest_clump_curved,
          infiniplex_forest_lined_room_3, infiniplex_forest_zigzag_1,
          minmay_misc_feat_cross, uniq_sigmund, uniq_grinder

Skill      XL: |  1  2  3  4 |
---------------+-------------+-----
Stealth        | 3 |  3.0
Dodging        | 3 |  3.0
Conjurations   | 2 4 |  4.1
Fire Magic     | 4 5 |  5.3
Spellcasting   | 4 |  4.5

Action                   |  1- 3 |  4- 6 || total
-------------------------+-------+-------++-------
Melee: Dagger            |    13 |     5 ||    18
       Unarmed           |     1 |       ||     1
       Short sword       |       |     3 ||     3
 Cast: Foxfire           |    61 |    48 ||   109
  Use: Scroll            |       |     1 ||     1
 Stab: Sleeping          |     2 |       ||     2
  Eat: Chunk             |     3 |     3 ||     6
Armor: Robe              |     9 |     2 ||    11
Dodge: Dodged            |    17 |    10 ||    27
